[Event "*** Titled Tuesday 3|2 Blitz (Late)"]
[Site "Chess.com"]
[Date "2016.12.06"]
[Round "2"]
[White "sorito"]
[Black "MattyDPerrine"]
[Result "0-1"]
[WhiteElo "2357"]
[BlackElo "2219"]
[TimeControl "180+2"]
[EndTime "17:22:14 PST"]
[Termination "MattyDPerrine won by resignation"]

1. b3 c5 2. Bb2 e6 3. e3 Nf6 4. Nf3 b6 5. d4 Bb7 6. Nbd2 Be7 7. Bd3 Nc6 8. a3 O-O 9. O-O Rc8 10. c4 Rc7 11. Rc1 Qa8 12. Re1 Rfc8 13. Qe2 Na5 14. dxc5 bxc5 15. Bc3 Bxf3 16. gxf3 Nc6 17.
Kh1 Ne8 18. Ne4 f5 19. Ng3 Bf6 20. Rg1 Bxc3 21. Rxc3 Ne5 22. e4 Nf6 23. exf5 Nxf3 24.
Ne4 Nd4 25. Qe3 exf5 26. Qg5 d6 27. Qxf6 fxe4 28. Bf1 e3+ 29. Bg2 gxf6 30. Bxa8+ Kf8 31. Bd5 exf2 32. Rg8+ Ke7 33. Re3+ Kd7 34. Rg7+ Kd8 35. Rg8+ Kd7 36. Rg7+ Kd8 37. Rg8+ Kd7 38. Kg2 Rxg8+ 39. Bxg8 Rb7 40. Bd5 Rxb3 41. Kxf2 Rxe3 42. Kxe3 Nf5+ 43. Kf4 Ne7 44. Be4 h6 45. h4 Ke6 46. Bd3 f5 47. Bc2 Ng6+ 48. Kg3 Ke5 49. h5 Nf4 50. Bd1 Ne6 51.
Bc2 f4+ 52. Kg4 Nd4 53. Bd3 a5 54. Bb1 Nb3 55. Bc2 Nd2 56. Bd3 Kd4 57. Be2 Ke3 58. Bd1 f3 59. Kg3 f2 60. Kg2 f1=Q+ 0-1

[Event "*** Titled Tuesday 3|2 Blitz (Late)"]
[Site "Chess.com"]
[Date "2016.12.06"]
[Round "2"]
[White "micfel"]
[Black "capatl"]
[Result "0-1"]
[WhiteElo "2286"]
[BlackElo "2385"]
[TimeControl "180+2"]
[EndTime "17:22:16 PST"]
[Termination "capatl won by resignation"]

1. e4 c5 2. Nf3 e6 3. d4 cxd4 4. Nxd4 a6 5. Nc3 Qc7 6. Bd3 Nf6 7. O-O d6 8. Be3 Nbd7 9. Re1 Ne5 10. h3 Nc4 11. Bc1 Be7 12. b3 Ne5 13. Bb2 O-O 14. a4 b6 15. f4 Nxd3 16. cxd3 Bb7 17. Rc1 Qd7 18. Qf3 Rac8 19. Rc2 Rc7 20. Rec1 Rfc8 21. Kh1 Bf8 22. Nd1 Rxc2 23. Rxc2 Rxc2 24. Nxc2 b5 25. a5 Be7 26. b4 d5 27. e5 d4 28.
Qf2 Nd5 29. Qxd4 Qc6 30. Nde3 Nc7 31. Qc3 Qd7 32. Kg1 h6 33. Qd4 Qc6 34. Qc3 Qd7 35.
Kf2 g5 36. fxg5 Bxg5 37. Qd4 Qc6 38. h4 Be7 39. Qc3 Bxh4+ 40. Kf1 Bg5 41. Qxc6 Bxc6 42. Kf2 Nd5 43. Nxd5 Bxd5 44. Bd4 Be7 45. Bc3 h5 46. g3 Kg7 47. Ne3 Kg6 48. Nxd5 exd5 49. Kf3 Kf5 50. d4 Bg5 51. Be1 Bc1 52. Bc3 Ba3 53. Ke3 Kg4 54. Kf2 Bc1 55. Kg2 Be3 56. Bb2 Bd2 0-1

[Event "*** Titled Tuesday 3|2 Blitz (Late)"]
[Site "Chess.com"]
[Date "2016.12.06"]
[Round "2"]
[White "LPSupi"]
[Black "Apocalyps999"]
[Result "1/2-1/2"]
[WhiteElo "2585"]
[BlackElo "2428"]
[TimeControl "180+2"]
[EndTime "17:22:29 PST"]
[Termination "Game drawn by repetition"]

1. g3 d5 2. Bg2 Nc6 3. Nf3 e5 4. O-O Nf6 5. d3 h6 6. e4 dxe4 7. dxe4 Qxd1 8. Rxd1 Bg4 9. Re1 O-O-O 10. c3 Rd3 11.
Nfd2 Bc5 12. Nb3 Bb6 13. N1d2 Rhd8 14. Nc4 Bf3 15. Nxb6+ axb6 16. Bxf3 Rxf3 17. Kg2 Rfd3 18. f3 Na5 19. Nxa5 bxa5 20. a4 Ne8 21. Kf2 Nd6 22. Ke2 Nc4 23. Ra2 Rd2+ 24. Bxd2 Rxd2+ 25. Kf1 Rxh2 26. Kg1 Rxb2 27. Rxb2 Nxb2 28. Ra1 Kd7 29. Ra2 Nc4 30.
Kf2 c6 31. Ke2 b5 32. Kd3 Kd6 33. f4 exf4 34. gxf4 g6 35. Kd4 h5 36. e5+ Ke6 37.
Kc5 Kf5 38. Kxc6 bxa4 39. Kb5 Ne3 40. c4 Kxf4 41. c5 h4 42. Rd2 h3 43. c6 Nf5 44.
c7 Ne7 45. Kxa4 Kg3 46. Rd3+ Kg2 47. Rd2+ Kg3 48. Rd3+ Kh4 49. Rd4+ Kg3 50. Rd3+ Kg2 51. Rd2+ Kg3 52. Rd3+ Kg4 53. Rd4+ Kg3 54. Rd3+ 1/2-1/2

[Event "*** Titled Tuesday 3|2 Blitz (Late)"]
[Site "Chess.com"]
[Date "2016.12.06"]
[Round "2"]
[White "Fandorine"]
[Black "Divertissement"]
[Result "0-1"]
[WhiteElo "2609"]
[BlackElo "2437"]
[TimeControl "180+2"]
[EndTime "17:22:31 PST"]
[Termination "Divertissement won on time"]

1. e4 c5 2. Nf3 e6 3. d4 cxd4 4.
Nxd4 Nc6 5. Nc3 Qc7 6. g3 a6 7.
Bg2 d6 8. O-O Bd7 9. Re1 Be7 10.
Nce2 h5 11. h3 Nf6 12. b3 b5 13. Bb2 Rc8 14. Rc1 Qa5 15. a3 Ne5 16. f4 Nc6 17. Nxc6 Bxc6 18. Nd4 Qb6 19. Kh2 Bb7 20. Qe2 g6 21.
Nf3 Rh6 22. Ng5 Ng4+ 23. hxg4 hxg4+ 24. Nh3 gxh3 25. Bf3 g5 26. f5 Bf6 27. Bxf6 Rxf6 28. g4 Kf8 29. Qd2 Ke7 30. Kxh3 Rh8+ 31. Kg2 Rfh6 32.
Qxg5+ Kf8 33. Rh1 Rxh1 34. Rxh1 Rxh1 35. Kxh1 Qf2 36. Bg2 Bxe4 37. Bxe4 Qe1+ 38. Kh2 Qxe4 39. Qd8+ Kg7 40. Qxd6 Qxc2+ 41. Kg3 Qxb3+ 42. Kh4 exf5 43. gxf5 Qf3 44. Qe5+ Kh7 45. Kg5 Qg2+ 46. Kh4 Qh1+ 47. Kg5 Qg1+ 48. Kh4 Qg7 49. f6 Qh6+ 50. Kg4 Qg6+ 51. Kf4 Kh6 52. Qe7 Qg5+ 53. Ke4 Kg6 54. Qb7 Qg2+ 0-1

[Event "*** Titled Tuesday 3|2 Blitz (Late)"]
[Site "Chess.com"]
[Date "2016.12.06"]
[Round "2"]
[White "SenseiJulio"]
[Black "Hikaru"]
[Result "0-1"]
[WhiteElo "2521"]
[BlackElo "2910"]
[TimeControl "180+2"]
[EndTime "17:22:44 PST"]
[Termination "Hikaru won on time"]

1. d4 Nf6 2. c4 g6 3. Nc3 Bg7 4.
e4 d6 5. h3 O-O 6. Be3 c6 7. Bd3 a6 8. Nf3 b5 9. O-O Nbd7 10.
Rc1 b4 11. Na4 a5 12. e5 Ne8 13. exd6 exd6 14. Qd2 Ba6 15. Bg5 Nef6 16. Rfe1 c5 17. d5 Qc7 18. Bf4 Rfe8 19. g4 Nb6 20. Nxb6 Qxb6 21.
b3 Nd7 22. Rxe8+ Rxe8 23. Re1 Rd8 24. Bg5 f6 25. Bh6 Ne5 26. Nxe5 dxe5 27. Bxg7 Kxg7 28. f4 exf4 29. Re7+ Kf8 30. Rxh7 Qd6 31. Bxg6 Qe5 32. Bf5 Kg8 33. Rh5 Kg7 34. Be6 Qxe6 35. Qxf4 Qe1+ 36.
Kg2 Qe2+ 37. Kg3 Qe1+ 38. Kg2 Qe2+ 39. Kg3 Qd3+ 40. Kg2 Re8 41. Qh6+ Kf7 42. Qh7+ Qxh7 43. Rxh7+ Kg6 44. Ra7 Bc8 45. Kf3 Rh8 46. Kg3 f5 47. Ra8 fxg4 48. hxg4 Re8 49. d6 Kg5 50. Rxa5 Re3+ 51.
Kf2 Re5 52. Ra7 Bxg4 53. d7 Re2+ 54. Kg3 Rd2 55. d8=Q+ Rxd8 56. Rg7+ Kh5 57. Rc7 Rd3+ 58. Kf4 Rf3+ 59. Ke4 Rf5 60. Rd7 Kg5 61. Rg7+ Kh4 62. Rd7 Rf2 63. Rd5 Bf3+ 64. Ke3 Bxd5 65. Kxf2 Bc6 66.
Ke3 Kg4 67. Kd3 Kf4 0-1

[Event "*** Titled Tuesday 3|2 Blitz (Late)"]
[Site "Chess.com"]
[Date "2016.12.06"]
[Round "2"]
[White "GMKrikor"]
[Black "Rating-Schmating"]
[Result "1-0"]
[WhiteElo "2515"]
[BlackElo "2233"]
[TimeControl "180+2"]
[EndTime "17:22:51 PST"]
[Termination "GMKrikor won by resignation"]

1. e4 e6 2. d3 d5 3. Nd2 Nf6 4.
g3 Bc5 5. Bg2 O-O 6. e5 Nfd7 7. Ngf3 Be7 8. O-O c5 9. c4 dxc4 10.
dxc4 Nc6 11. Re1 Qc7 12. Qe2 b6 13. Nb3 Bb7 14. Bf4 Rad8 15. Rad1 Ndb8 16. Nbd2 Nd4 17.
Nxd4 Rxd4 18. Bxb7 Qxb7 19. h4 Rfd8 20. Nf3 Rxd1 21.
Rxd1 Rxd1+ 22. Qxd1 Qd7 23. Qxd7 Nxd7 24. h5 h6 25. Kf1 Kf8 26. Ke2 Ke8 27. Kd3 Nb8 28. Bd2 Kd7 29. Ke4 Nc6 30. g4 a6 31. b3 b5 32. Bc3 bxc4 33. bxc4 Bd8 34. Kd3 Be7 35. Nd2 Bd8 36. Ne4 Be7 37. f4 Nd8 38. f5 Nc6 39. f6 gxf6 40. exf6 Bf8 41. g5 hxg5 42.
Nxg5 Ke8 43. Ke4 Bh6 44. Nf3 Kd7 45. Ne5+ Nxe5 46. Bxe5 Bg5 47. Kf3 Ke8 48. a4 Kf8 49. Kg4 Be3 50. Bf4 Bd4 51. Bg5 Kg8 52. Kf3 Kh7 53. Ke4 Ba1 54. Kf4 Bb2 55. Kg4 Bd4 56. Kf3 Ba1 57. Be3 Bxf6 58. Bxc5 Kh6 59. Kg4 Bd8 60. Be3+ Kh7 61. c5 f5+ 62. Kf3 e5 63. c6 Bc7 64. Bg5 Kg7 65. Ke3 Kh7 66. Kd3 Kg7 67.
Kc4 f4 68. Kd3 Kh7 69. Ke4 Kg7 70. Kd5 Kf7 71. h6 Kg6 72. Ke4 Kh7 73. Kf5 f3 74.
Be3 f2 75. Bxf2 Kxh6 76. Bg3 Kg7 77. Bxe5+ Kf7 78. Bxc7 Ke7 79. Ke5 Ke8 80. Kd6 a5 81. Bxa5 Kf7 82. c7 1-0

[Event "*** Titled Tuesday 3|2 Blitz (Late)"]
[Site "Chess.com"]
[Date "2016.12.06"]
[Round "2"]
[White "Alexander_Moskalenko"]
[Black "GM_Barcenilla"]
[Result "1/2-1/2"]
[WhiteElo "2605"]
[BlackElo "2655"]
[TimeControl "180+2"]
[EndTime "17:22:59 PST"]
[Termination "Game drawn by repetition"]

1. c4 c5 2. g3 g6 3. Bg2 Bg7 4. Nc3 Nc6 5. d3 e5 6. Nf3 Nge7 7. O-O d6 8. a3 h5 9. Rb1 h4 10. b4 hxg3 11. hxg3 Bh3 12. Bxh3 Rxh3 13. Kg2 Qd7 14. bxc5 O-O-O 15. cxd6 Nf5 16. Ne4 Rdh8 17. Bb2 Nxd6 18. Nxd6+ Qxd6 19. Qb3 Qd7 20. Bc3 g5 21. Rg1 g4 22.
Nd2 Bf8 23. Kf1 f5 24. Qb5 a6 25. Qd5 Bxa3 26. Qxd7+ Kxd7 27. Rxb7+ Kd6 28. e3 a5 29. Ke2 Bb4 30. Bxb4+ axb4 31. Ra1 R3h7 32. Rxh7 Rxh7 33. Ra6 Kc7 34. Ra1 Kb6 35. Nb3 Rh2 36. d4 exd4 37. exd4 f4 38. gxf4 Rh3 39. d5 Rxb3 40.
dxc6 Rc3 41. Rg1 b3 42. Rb1 Kxc6 43. Kd2 Rf3 44. Rg1 Rxf2+ 45. Kc3 Rf3+ 46. Kb2 g3 47. f5 Kc5 48. f6 Kxc4 49. f7 Rf2+ 50. Kb1 Rf3 51. Rxg3 Rxf7 52. Rg2 Kc3 53. Rg3+ Kb4 54.
Rg8 Rf1+ 55. Kb2 Rf2+ 56. Kb1 Rf1+ 57. Kb2 Rf2+ 58. Kb1 Rf5 59. Kb2 Rf2+ 60. Kb1 Kc3 61. Rc8+ Kb4 62. Rb8+ Ka3 63. Ra8+ Kb4 64. Rb8+ Kc3 65.
Rc8+ Kd4 66. Rd8+ Kc4 67. Rc8+ Kb4 68. Rb8+ Kc3 69. Rc8+ Kd3 70. Rb8 Kc4 71. Rc8+ Kb4 1/2-1/2

[Event "*** Titled Tuesday 3|2 Blitz (Late)"]
[Site "Chess.com"]
[Date "2016.12.06"]
[Round "2"]
[White "wonderfultime"]
[Black "Pierrebl"]
[Result "1/2-1/2"]
[WhiteElo "2676"]
[BlackElo "2457"]
[TimeControl "180+2"]
[EndTime "17:24:47 PST"]
[Termination "Game drawn by agreement"]

1. d4 d5 2. c4 c6 3. Nc3 Nf6 4. e3 Bf5 5. cxd5 cxd5 6. Qb3 Nc6 7.
Qxb7 Bd7 8. Qb3 Rb8 9. Qd1 e5 10. Nge2 Bd6 11. dxe5 Bxe5 12. g3 O-O 13. Bg2 Bg4 14. O-O d4 15. exd4 Nxd4 16. f3 Bf5 17. Nxd4 Bxd4+ 18. Kh1 Re8 19. a4 Qb6 20. Nb5 Be3 21.
Re1 Bxc1 22. Rxe8+ Rxe8 23. Rxc1 a6 24. Qd4 Qb8 25.
Na3 Re2 26. Nc4 h5 27. Nd6 Be6 28. b4 h4 29. gxh4 Nd5 30. Nf5 Bxf5 31. Qxd5 Be6 32. Qd4 Ra2 33. Rg1 Rxa4 34. Bh3 Qf8 35. Bxe6 fxe6 36. Qe4 Qf5 37. Rg4 Qxe4 38. Rxe4 Kf7 39. Kg2 a5 40. bxa5 Rxa5 41. Kg3 g6 42. Rf4+ Kg7 43. h3 Rb5 44. Rg4 Kf6 45. Rf4+ Kg7 46. Kg4 Rc5 47. Re4 Kf6 48. Ra4 Rd5 49. Kg3 Rc5 50. Ra8 Rd5 51. Rf8+ Kg7 52. Rf4 Rc5 53. Re4 Kf6 54. Kf4 Rf5+ 55. Kg4 Rc5 56. f4 Rc1 57.
Re3 Rg1+ 58. Rg3 Rf1 59. Rg2 Kf7 60. Kg5 Kg7 61. h5 gxh5 62. Kxh5+ Kf6 63. Kg4 e5 64.
fxe5+ Kxe5 65. Kg5 Rf5+ 66. Kg6 Rf6+ 67. Kg5 Rf5+ 68.
Kh6 Kf6 69. h4 Kf7 70. h5 Kf8 71. Kg6 Rf1 72. Kh7 Rf7+ 73. Kh8 Rf1 74. h6 Rf6 75. Kh7 Kf7 76. Rg7+ Kf8 77. Rg5 Kf7 78. Rg1 Rf3 79. Kh8 Kf8 80. h7 Kf7 81. Rg7+ Kf8 82. Ra7 Rf2 83.
Ra5 Kf7 84. Ra7+ Kf8 85. Rb7 Rf3 1/2-1/2

[Event "*** Titled Tuesday 3|2 Blitz (Late)"]
[Site "Chess.com"]
[Date "2016.12.06"]
[Round "3"]
[White "SPEEDSKATER"]
[Black "cheese111"]
[Result "1-0"]
[WhiteElo "2326"]
[BlackElo "2236"]
[TimeControl "180+2"]
[EndTime "17:28:23 PST"]
[Termination "SPEEDSKATER won by resignation"]

1. d4 Nf6 2. Nf3 g6 3. c4 Bg7 4. Nc3 d5 5. Qb3 dxc4 6. Qxc4 O-O 7. e4 a6 8. Be2 b5 9. Qb3 c5 10. dxc5 Be6 11. Qc2 Nbd7 12. Be3 Rc8 13. Rd1 b4 14. Nd5 Bxd5 15. exd5 Nxc5 16. O-O Nce4 17. Qb1 Qa5 18.
Ne5 Qc7 19. f4 a5 20. Bf3 Qd6 21. Bxe4 1-0

[Event "*** Titled Tuesday 3|2 Blitz (Late)"]
[Site "Chess.com"]
[Date "2016.12.06"]
[Round "3"]
[White "calemcc"]
[Black "FLchessplayer"]
[Result "1-0"]
[WhiteElo "2108"]
[BlackElo "2019"]
[TimeControl "180+2"]
[EndTime "17:28:43 PST"]
[Termination "calemcc won by resignation"]

1. d4 g6 2. c4 Bg7 3. e4 d6 4.
Nc3 Nc6 5. Be3 e5 6. Nge2 Nf6 7.
f3 O-O 8. Qd2 Nh5 9. O-O-O f5 10. d5 f4 11. Bf2 Na5 12. c5 b6 13. cxd6 cxd6 14. Kb1 Nc4 15. Qd3 Ba6 16. Nc1 Na3+ 17. bxa3 Bxd3+ 18. Nxd3 a6 19. Nb4 b5 20. Nc6 Qd7 21. Rc1 Rfc8 22. Nd1 Nf6 23. Nb2 g5 24. a4 bxa4 25. Nxa4 h5 26. Ka1 Rcb8 27. Nb6 Rxb6 28.
Bxb6 Qb7 29. Rb1 Rc8 30. Bc4 Kh7 31. Rhc1 Rxc6 32. dxc6 Qxc6 33. Bg8+ Nxg8 34. Rxc6 1-0

[Event "*** Titled Tuesday 3|2 Blitz (Late)"]
[Site "Chess.com"]
[Date "2016.12.06"]
[Round "3"]
[White "Paralinch"]
[Black "oskariot"]
[Result "1-0"]
[WhiteElo "2650"]
[BlackElo "2393"]
[TimeControl "180+2"]
[EndTime "17:28:55 PST"]
[Termination "Paralinch won by resignation"]

1. e4 c5 2. Nf3 d6 3. d4 cxd4 4.
Nxd4 Nf6 5. Nc3 Nc6 6. Be2 e5 7.
Nf3 Be7 8. Bg5 O-O 9. O-O Be6 10.
Bxf6 Bxf6 11. Nd5 Kh8 12. c3 Rc8 13. Qd2 Ne7 14. Nxf6 gxf6 15. Rad1 Rc6 16. b3 Rg8 17. g3 f5 18. Nxe5 Rc5 19. Nd3 Rc8 20. Nf4 fxe4 21. Qd4+ Rg7 22. Qxd6 Qxd6 23. Rxd6 Rxc3 24. Nxe6 fxe6 25. Rxe6 Rc2 26. Rxe4 Rxa2 27. Rd1 Kg8 28. Bc4+ 1-0

[Event "*** Titled Tuesday 3|2 Blitz (Late)"]
[Site "Chess.com"]
[Date "2016.12.06"]
[Round "3"]
[White "Viaje"]
[Black "micfel"]
[Result "1-0"]
[WhiteElo "2232"]
[BlackElo "2276"]
[TimeControl "180+2"]
[EndTime "17:29:20 PST"]
[Termination "Viaje won by resignation"]

1. d4 d5 2. c4 c6 3. Nf3 e6 4. Qc2 Nf6 5. Bg5 Be7 6. e3 O-O 7. Nc3 Nbd7 8. Bd3 h6 9. Bh4 b6 10. O-O-O Bb7 11. g4 c5 12. g5 hxg5 13. Bxg5 cxd4 14.
Nxd4 dxc4 15. Bxc4 Bxh1 16. Rxh1 Qc8 17. Bb3 Nc5 18. Rg1 Rd8 19. Bh6 Bf8 20. Bc4 a6 21. f4 Kh8 22. Bg5 b5 23. Bxf6 gxf6 24. Qe2 Bg7 25.
Qg4 1-0

[Event "*** Titled Tuesday 3|2 Blitz (Late)"]
[Site "Chess.com"]
[Date "2016.12.06"]
[Round "3"]
[White "FranklinAPalomo"]
[Black "gmshanmeruga"]
[Result "0-1"]
[WhiteElo "2395"]
[BlackElo "2306"]
[TimeControl "180+2"]
[EndTime "17:29:49 PST"]
[Termination "gmshanmeruga won by resignation"]

1. Nf3 c5 2. c4 e6 3. g3 d5 4.
cxd5 exd5 5. Bg2 Nc6 6. O-O Nf6 7. d4 Be7 8. Nc3 Be6 9. dxc5 Bxc5 10. Bg5 O-O 11.
Rc1 Be7 12. Na4 Qa5 13. a3 Rac8 14. b4 Qd8 15. Nc5 Bxc5 16. Rxc5 h6 17. Bxf6 Qxf6 18.
Qd2 b6 19. Rcc1 Rfd8 20. Rfd1 Ne5 21. Nxe5 Qxe5 22. e3 Rxc1 23. Rxc1 d4 24. exd4 Rxd4 25. Qc3 Rd1+ 26. Bf1 Qxc3 27. Rxc3 Bh3 0-1

[Event "*** Titled Tuesday 3|2 Blitz (Late)"]
[Site "Chess.com"]
[Date "2016.12.06"]
[Round "3"]
[White "LonesomeGeorge1"]
[Black "Alliswell998"]
[Result "0-1"]
[WhiteElo "2180"]
[BlackElo "2136"]
[TimeControl "180+2"]
[EndTime "17:30:20 PST"]
[Termination "Alliswell998 won on time"]

1. e4 c5 2. Nf3 d6 3. b4 Nf6 4. e5 dxe5 5. bxc5 Nc6 6. Bb5 e4 7. Ne5 Qc7 8. Bb2 Bd7 9. Nxd7 Nxd7 10. Qh5 e6 11. Nc3 Nxc5 12. O-O Be7 13. f3 Qb6 14. Kh1 e3 0-1

[Event "*** Titled Tuesday 3|2 Blitz (Late)"]
[Site "Chess.com"]
[Date "2016.12.06"]
[Round "3"]
[White "SidArun"]
[Black "FearlessKing64"]
[Result "0-1"]
[WhiteElo "2061"]
[BlackElo "2009"]
[TimeControl "180+2"]
[EndTime "17:30:54 PST"]
[Termination "FearlessKing64 won by resignation"]

1. e4 c5 2. c3 g6 3. d4 cxd4 4.
cxd4 d5 5. e5 Nc6 6. Nc3 Bg7 7.
Nf3 Bg4 8. Be2 Nh6 9. Bxh6 Bxh6 10.
h3 Be6 11. Qb3 Rb8 12. O-O O-O 13. Na4 b6 14. Nc3 Na5 15. Qc2 Rc8 16. Bd3 Nc4 17.
Qe2 Qd7 18. b3 Na5 19. Nd1 Nc6 20. Nb2 Nb4 21. Bb1 Bf5 22. Nd3 Qb5 23. Nf4 Qxe2 24. Nxe2 Nc2 25. Bxc2 Rxc2 26. Ng3 Bd3 27. Rfd1 Ba6 28.
Ne1 Rc3 29. Ne2 Bxe2 0-1

[Event "*** Titled Tuesday 3|2 Blitz (Late)"]
[Site "Chess.com"]
[Date "2016.12.06"]
[Round "3"]
[White "Divertissement"]
[Black "HarutyunianTigranK"]
[Result "0-1"]
[WhiteElo "2434"]
[BlackElo "2692"]
[TimeControl "180+2"]
[EndTime "17:31:18 PST"]
[Termination "HarutyunianTigranK won by resignation"]

1. d4 d5 2. Bf4 Nf6 3. Nf3 Bf5 4.
e3 e6 5. Be2 Bd6 6. Bg3 O-O 7.
Nbd2 c5 8. c3 Nc6 9. Nh4 Be4 10.
Nxe4 Nxe4 11. Nf3 cxd4 12. exd4 Rb8 13. a4 a6 14. Nd2 Nxg3 15. hxg3 g6 16. Nf3 Qf6 17.
Qd2 Be7 18. Qh6 Qg7 19. Qxg7+ Kxg7 20. a5 h5 21. Kd2 Rbc8 22. b4 Rc7 23. Ne1 e5 24.
dxe5 Nxe5 25. Nf3 Nc4+ 26. Bxc4 Rxc4 27. Rac1 Rfc8 28. Rc2 Bxb4 29. Rb1 Bxc3+ 30. Kd3 Bxa5 31. Rxc4 dxc4+ 0-1

[Event "*** Titled Tuesday 3|2 Blitz (Late)"]
[Site "Chess.com"]
[Date "2016.12.06"]
[Round "3"]
[White "silverback96"]
[Black "visa"]
[Result "1/2-1/2"]
[WhiteElo "1980"]
[BlackElo "2153"]
[TimeControl "180+2"]
[EndTime "17:32:09 PST"]
[Termination "Game drawn by repetition"]

1. Nf3 b6 2. g3 Bb7 3. Bg2 f5 4.
c4 Nf6 5. d4 e6 6. O-O Be7 7.
d5 Na6 8. Nd4 Bc5 9. dxe6 Bxg2 10. Kxg2 Bxd4 11. Qxd4 dxe6 12. Qe5 Qd6 13. Qxd6 cxd6 14.
Rd1 O-O-O 15. Na3 Nc7 16. Bf4 e5 17. Bg5 Rhf8 18. Rac1 h6 19. Bxf6 Rxf6 20. Nc2 Kb7 21. Ne3 f4 22. Nc2 d5 23. Nb4 Rfd6 24. Kf3 fxg3 25.
hxg3 Rf8+ 26. Kg2 Rdf6 27. f3 e4 28. f4 g5 29. fxg5 Rf2+ 30. Kh3 hxg5 31. Nxd5 g4+ 32. Kxg4 Rg8+ 33. Kh3 Rh8+ 34. Kg4 Rg8+ 35. Kh3 Rh8+ 36. Kg4 Rg8+ 1/2-1/2

[Event "*** Titled Tuesday 3|2 Blitz (Late)"]
[Site "Chess.com"]
[Date "2016.12.06"]
[Round "3"]
[White "pedromartinez91"]
[Black "VitaliyBernadskiy"]
[Result "0-1"]
[WhiteElo "2345"]
[BlackElo "2554"]
[TimeControl "180+2"]
[EndTime "17:32:11 PST"]
[Termination "VitaliyBernadskiy won on time"]

1. d4 d6 2. c4 g6 3. Nf3 Bg7 4.
Nc3 Nf6 5. e4 O-O 6. Be2 Nbd7 7.
Bg5 h6 8. Bh4 c5 9. d5 Nh5 10. O-O g5 11. Ne1 Nf4 12. Bg3 Ne5 13. Rc1 Neg6 14. Bg4 e6 15. Nd3 h5 16. Bxf4 hxg4 17.
Bd2 e5 18. b4 b6 19. bxc5 bxc5 20. Qa4 Nf4 21. Nxf4 exf4 22. Nb5 Be5 23. Bc3 Qf6 24. Bxe5 Qxe5 25. Nc7 Rb8 26. Qxa7 Rb2 27. Nb5 g3 28. Qc7 gxf2+ 29. Kh1 f3 30. g3 Bh3 31. Rxf2 Rxf2 32.
Qxd6 Qb2 0-1

[Event "*** Titled Tuesday 3|2 Blitz (Late)"]
[Site "Chess.com"]
[Date "2016.12.06"]
[Round "3"]
[White "1e41-0"]
[Black "Bigfish1995"]
[Result "0-1"]
[WhiteElo "2178"]
[BlackElo "2706"]
[TimeControl "180+2"]
[EndTime "17:32:18 PST"]
[Termination "Bigfish1995 won by resignation"]

1. e4 e5 2. Nf3 Nc6 3. g3 d5 4.
exd5 Qxd5 5. Bg2 e4 6. Nc3 Qe6 7. Ng5 Qe7 8. Ngxe4 f5 9. Nd5 Qe5 10. d4 Qxd5 11. Nf6+ Nxf6 12. Bxd5 Nxd5 13. c4 Nf6 14. d5 Nd8 15. Bf4 Bd6 16. Qe2+ Kf7 17. Bxd6 cxd6 18. O-O-O Re8 19. Qc2 Bd7 20. Rhe1 Rc8 21.
Rxe8 Bxe8 22. Qxf5 Rxc4+ 23. Kb1 Kf8 24. b3 Bg6 25.
Qxg6 hxg6 26. bxc4 b6 27. Kb2 Nb7 28. f3 Nd7 29.
Kc3 Nbc5 30. Re1 g5 31. Rf1 Kf7 32. f4 g4 33. Re1 Nf6 34. Kd4 g6 35. Rb1 Ng8 36.
a4 Ne7 37. a5 bxa5 38. Rb5 a4 39. Kc3 Nf5 40. Ra5 a6 41. Kb4 Nd4 42. Rxa4 Nxa4 43. Kxa4 Nf3 44. Ka5 Nxh2 45. Kxa6 Nf1 46. c5 dxc5 47.
Kb5 Nxg3 48. d6 Ke8 49. Kxc5 Nf5 50. Kd5 g3 51. Ke6 g2 52. d7+ Kd8 0-1

[Event "*** Titled Tuesday 3|2 Blitz (Late)"]
[Site "Chess.com"]
[Date "2016.12.06"]
[Round "3"]
[White "Apocalyps999"]
[Black "Zlatan56"]
[Result "0-1"]
[WhiteElo "2418"]
[BlackElo "2643"]
[TimeControl "180+2"]
[EndTime "17:32:26 PST"]
[Termination "Zlatan56 won on time"]

1. e4 g6 2. d4 Bg7 3. Nc3 d6 4.
f4 Nf6 5. Nf3 O-O 6. e5 dxe5 7.
fxe5 Nd5 8. Bc4 Nxc3 9. bxc3 c5 10. Be3 Qa5 11. Qd2 Nc6 12. O-O Bg4 13. Ng5 cxd4 14. cxd4 Qxd2 15. Bxd2 Nxd4 16. Nxf7 Be6 17. Bxe6 Nxe6 18.
Nh6+ Bxh6 19. Bxh6 Rxf1+ 20. Kxf1 Rc8 21. Rd1 Rxc2 22.
Rd7 Rc7 23. Rd2 Kf7 24. Be3 b6 25. Ke2 Rc4 26. Kf3 Ra4 27. g4 Ke8 28. h4 h5 29. Rg2 hxg4+ 30. Rxg4 Rxg4 31. Kxg4 Kd7 32. h5 gxh5+ 33. Kxh5 Nd8 34. a4 Nc6 35. Kg5 Ke6 0-1

[Event "*** Titled Tuesday 3|2 Blitz (Late)"]
[Site "Chess.com"]
[Date "2016.12.06"]
[Round "3"]
[White "Buffy7"]
[Black "SenseiJulio"]
[Result "0-1"]
[WhiteElo "2465"]
[BlackElo "2543"]
[TimeControl "180+2"]
[EndTime "17:32:26 PST"]
[Termination "SenseiJulio won by resignation"]

1. e4 e6 2. d4 d5 3. Nc3 Nf6 4.
e5 Nfd7 5. f4 c5 6. Nf3 Nc6 7.
Be3 Be7 8. Qd2 O-O 9. Be2 b6 10. Nd1 f5 11. c3 a5 12. O-O Ba6 13. Bxa6 Rxa6 14. Bf2 a4 15. Ne3 b5 16. g4 fxg4 17.
Nxg4 b4 18. a3 bxc3 19. bxc3 Na5 20. Ne3 Nb3 21. Qe2 c4 22. Ra2 Rxf4 23. Bg3 Rf7 24. Nxd5 exd5 25. e6 Rxf3 26. Qxf3 Nf6 27. Re2 Bxa3 28.
Bh4 Be7 29. Bxf6 gxf6 30. Qf5 Kh8 31. Rf3 Ra7 32. Rh3 Bf8 33. e7 Rxe7 34. Qxf6+ Rg7+ 0-1

[Event "*** Titled Tuesday 3|2 Blitz (Late)"]
[Site "Chess.com"]
[Date "2016.12.06"]
[Round "3"]
[White "Larax"]
[Black "chesstatour"]
[Result "0-1"]
[WhiteElo "1902"]
[BlackElo "1898"]
[TimeControl "180+2"]
[EndTime "17:32:32 PST"]
[Termination "chesstatour won by resignation"]

1. e4 c6 2. d4 d5 3. Nc3 dxe4 4.
Nxe4 Nf6 5. Nxf6+ gxf6 6. Nf3 Bf5 7. Bd3 Bxd3 8. Qxd3 Qa5+ 9. Bd2 Qa6 10. Qxa6 Nxa6 11. c4 O-O-O 12. Bc3 e6 13. d5 Bb4 14. dxc6 Bxc3+ 15. bxc3 bxc6 16. Rd1 Kc7 17. Ke2 Nc5 18. Rd4 e5 19. Rxd8 Rxd8 20. Nh4 Ne4 21. Rc1 Nd6 22. Rd1 Nxc4 23. Rxd8 Kxd8 24. Nf5 Kd7 25. Kd3 Nb6 26. Ke4 Na4 27. Kd3 Ke6 28. Ng7+ Kd5 29. Nh5 e4+ 30. Kd2 Ke5 31. c4 f5 32. Ke3 Nc5 33. g3 Ne6 34. Nf4 Nd4 35. c5 Ne6 36. Nxe6 fxe6 37. g4 f4+ 0-1

[Event "*** Titled Tuesday 3|2 Blitz (Late)"]
[Site "Chess.com"]
[Date "2016.12.06"]
[Round "3"]
[White "LawrenceTrent"]
[Black "Izoria123"]
[Result "0-1"]
[WhiteElo "2413"]
[BlackElo "2589"]
[TimeControl "180+2"]
[EndTime "17:32:47 PST"]
[Termination "Izoria123 won by resignation"]

1. e4 g6 2. Nc3 Bg7 3. f4 c5 4.
Nf3 Nc6 5. Bb5 Nd4 6. a4 e6 7. e5 a6 8. Bd3 Nxf3+ 9. Qxf3 d5 10. exd6 Qxd6 11. Ne4 Qc7 12. a5 Nf6 13. O-O O-O 14.
Nxf6+ Bxf6 15. Be4 c4 16. c3 Rd8 17. Ra4 Bd7 18. Rb4 Bb5 19. Bxb7 Rd3 20. Bxa8 Rxf3 21. Bxf3 Be7 22. Rxb5 axb5 23. b4 cxb3 24. Bb2 Qxa5 25. Ra1 Qb6+ 26. Kf1 Bf6 27. g3 b4 28. Be2 Qc6 29. Rc1 Qh1+ 30. Kf2 Qxh2+ 31. Kf3 Qh5+ 32.
Kf2 Qc5+ 33. d4 Qb6 34. c4 Bxd4+ 35. Bxd4 Qxd4+ 36. Kg2 b2 37. Rb1 Qe4+ 0-1

[Event "*** Titled Tuesday 3|2 Blitz (Late)"]
[Site "Chess.com"]
[Date "2016.12.06"]
[Round "3"]
[White "MattyDPerrine"]
[Black "Peroncio"]
[Result "1-0"]
[WhiteElo "2234"]
[BlackElo "2485"]
[TimeControl "180+2"]
[EndTime "17:32:57 PST"]
[Termination "MattyDPerrine won by checkmate"]

1. d4 Nf6 2. Nf3 e6 3. c4 d5 4. Nc3 c6 5. Qc2 dxc4 6. a4 Bb4 7. e4 b5 8. Bg5 h6 9. Bf4 Bb7 10. Rd1 Nbd7 11. Be2 O-O 12. g4 Nh7 13. h4 Qe7 14. Kf1 f5 15. gxf5 exf5 16. e5 g5 17. hxg5 hxg5 18.
Nxg5 Nxg5 19. Bxg5 Qe6 20. Bf3 a6 21. Rh6 Qe8 22. Bh5 Qc8 23. e6 Nb6 24. Bf6 Rxf6 25.
Rxf6 Be7 26. Rf7 Qd8 27. Qxf5 c5 28. Qh7# 1-0

[Event "*** Titled Tuesday 3|2 Blitz (Late)"]
[Site "Chess.com"]
[Date "2016.12.06"]
[Round "3"]
[White "Rumpel-VK"]
[Black "anon102030"]
[Result "0-1"]
[WhiteElo "2453"]
[BlackElo "2564"]
[TimeControl "180+2"]
[EndTime "17:33:06 PST"]
[Termination "anon102030 won on time"]

1. e4 e5 2. Nf3 Nc6 3. Be2 Nf6 4. d3 d5 5. Nbd2 Bc5 6. O-O O-O 7. c3 h6 8. b4 Bd6 9. b5 Ne7 10. a4 Ng6 11.
exd5 Nxd5 12. Ne4 Be6 13. Qc2 f5 14. Nxd6 cxd6 15. g3 Rc8 16. c4 Qd7 17. Qd2 Nf6 18. Ba3 f4 19. Rac1 b6 20. a5 Nh7 21. Bb2 Bh3 22.
Rfe1 fxg3 23. hxg3 Bg4 24. Nh2 Bxe2 25. Qxe2 Ng5 26.
Kh1 Qb7+ 27. f3 Nxf3 28. Qe4 Qxe4 29. Rxe4 Nxh2 30. axb6 axb6 31. Ba3 Rf2 32. Kg1 Ra2 33. Bxd6 Nf3+ 34. Kf1 Nd2+ 35. Ke1 Nxe4 36. Ra1 Rxa1+ 0-1